 Dungeon Crawl Stone Soup version 0.13-a0-3140-gbdcfb35 (webtiles) character file.

137700 PolkaDot the Imperceptible (level 16, -6/105 HPs)
             Began as a Vampire Enchanter on Sept 22, 2013.
             Was the Champion of Sif Muna.
             Hit by a large rock thrown by Polyphemus (15 damage)
             ... on Level 2 of the Shoals.
             The game lasted 05:01:55 (34421 turns).

PolkaDot the Imperceptible (Vampire Enchanter)     Turns: 34421, Time: 05:01:55

HP  -6/105       AC 18     Str  8      XL: 16   Next: 61%
MP  23/32        EV 16     Int 17 (20) God: Sif Muna [******]
Gold 3523        SH  2     Dex 15      Spells: 10 memorised,  2 levels left

Res.Fire  : + + .   See Invis. : +   b - +0,+2 sabre (elec)
Res.Cold  : . . .   Warding    : .   l - +4 troll leather armour
Life Prot.: . . .   Conserve   : .   (no shield)
Res.Poison: .       Res.Corr.  : .   (no helmet)
Res.Elec. : +       Clarity    : .   u - +2 cloak
Sust.Abil.: . .     Spirit.Shd : .   g - +2 pair of gauntlets
Res.Mut.  : .       Stasis     : .   D - +0 pair of boots
Res.Rott. : .       Flight     : +   m - amulet "Tuaxushro" {+Blink +Rage +Fly rEle Saprovore : . . . j - ring of wizardry M - +0,+7 ring of slaying

@: regenerating very quickly, flying, quick, quite resistant to hostile
enchantments, extremely stealthy
A: bottle blood, fangs 3, see invisible, mutation resistance 1, +10% hp,
unbreathing, AC +2, SH +2
a: Bottle Blood, Channel Energy, Forget Spell, Renounce Religion, Evoke Blink,
Evoke Berserk Rage


You were on level 2 of the Shoals.
You worshipped Sif Muna.
Sif Muna was exalted by your worship.
You were almost alive.

You visited 4 branches of the dungeon, and saw 31 of its levels.
You also visited: Sewer, Bailey, Ice Cave and Volcano.

You collected 3503 gold pieces.

Inventory:

Hand weapons
 a - a +1,+1 dagger of stabbing {=f}
 b - a +0,+2 sabre of electrocution (weapon)
 f - a +5,+6 orcish sabre of flaming
Armour
 g - a +2 pair of gauntlets (worn)
 l - a +4 troll leather armour (worn)
 o - a +1 buckler
 u - a +2 cloak (worn)
 D - a +0 pair of boots (worn)
Magical devices
 k - a wand of disintegration (14)
 r - a wand of slowing (11)
Scrolls
 c - a scroll of fog
 e - a scroll of identify
 p - 2 scrolls of remove curse
 q - a scroll of magic mapping
 y - 3 scrolls of teleportation
 C - 4 scrolls of fear
 E - a scroll of vulnerability
Jewellery
 j - a ring of wizardry (right hand)
 m - the amulet "Tuaxushro" (around neck) {+Blink +Rage +Fly rElec rF++ SInv}
   (You found it on level 3 of the Lair of Beasts)

   [amulet of rage]

   It greatly protects you from fire.
   It insulates you from electricity.
   It enhances your eyesight.
   It lets you fly.
   It lets you blink.
 B - an uncursed ring of sustenance {unknown}
 H - an uncursed ring of positive energy {unknown}
 M - a +0,+7 ring of slaying (left hand)
Potions
 d - 5 potions of blood
 h - a potion of restore abilities
 i - 10 potions of curing
 z - 2 potions of resistance
 A - 2 potions of brilliance
 G - 2 potions of invisibility
 K - a potion of agility
 N - 2 potions of speed
Books
 n - a book of Frost

   Spells                             Type                      Level
   Freeze                             Ice                          1
   Throw Frost                        Conjuration/Ice              2
   Ozocubu's Armour                   Charms/Ice                   3
   Throw Icicle                       Conjuration/Ice              4
   Summon Ice Beast                   Ice/Summoning                4
   Condensation Shield                Ice                          4


   Skills:
 - Level 7.0 Short Blades
 - Level 0.7 Throwing
 + Level 3.3 Armour
 + Level 9.9 Dodging
 - Level 22.2 Stealth
 - Level 9.3 Spellcasting
 - Level 19.5 Hexes
 - Level 6.7 Charms
 - Level 2.5 Translocations
 - Level 4.4 Ice Magic
 * Level 12.0 Air Magic
 - Level 5.2 Invocations


You had 2 spell levels left.
You knew the following spells:

 Your Spells              Type           Power        Failure   Level  Hunger
a - Apportation           Tloc           ###.......   1%          1    None
e - Swiftness             Chrm/Air       #####.....   1%          2    None
h - Ensorcelled Hibernat  Hex/Ice        #####.       1%          2    None
q - Blink                 Tloc           N/A          2%          2    None
w - Flight                Chrm/Air       #####.....   1%          3    #......
A - Corona                Hex            ######.      0%          1    None
C - Confuse               Hex            ######..     0%          3    #......
D - Darkness              Hex            ######....   1%          7    #######
E - Enslavement           Hex            ######..     1%          4    ###....
I - Invisibility          Hex            ######..     1%          6    ######.


Dungeon Overview and Level Annotations

Branches:
Dungeon (17/27)            Temple (0/1) D:6             Orc (4/4) D:7
    Elf (0/3) Orc:3          Lair (8/8) D:9          Shoals (2/5) Lair:6
 Spider (0/5) Lair:6        Slime (0/6) Lair:8
 Vaults: D:15-20

Altars:
Ashenzari
Cheibriados
Elyvilon
Fedhas
Sif Muna
Trog
Vehumet
Xom
Yredelemnul
Zin
the Shining One

Shops:
D:11 /   Orc:4 }}/%

Portals:
Ziggurat: D:10 (3510 gp)

Annotations:
D:15 exclusion: Roxanne, Roxanne
Lair:8 1 exclusion, Rupert
Shoals:1 Agnes
Shoals:2 Norris, Polyphemus


Innate Abilities, Weirdness & Mutations

Your natural rate of healing is extremely fast.
You can bottle blood from corpses.
You have razor-sharp teeth.*
You have supernaturally acute eyesight.
You can survive without breathing.*
You are partially covered in large bone plates (AC +2, SH +2).*
You are somewhat resistant to further mutation.+ You are robust (+10% HP).


Message History

* * * LOW HITPOINT WARNING * * *
You hear a splash.
Drink which item? (? for menu, Esc to quit)
You feel better.
The catoblepas breathes a plume of calcifying dust at you.
The blast of calcifying dust hits you!
Polyphemus throws a large rock.
The large rock crashes through you!
* * * LOW HITPOINT WARNING * * *
You hear a splash.
The bat misses you.
Polyphemus throws a large rock.
The large rock misses you.
You hear a splash.
Drink which item? (? for menu, Esc to quit)
Okay, then.
Casting: Ensorcelled Hibernation
Confirm with . or Enter, or press ? or * to list all spells.
You blink.
The death yak barely misses you. The death yak gores you.
* * * LOW HITPOINT WARNING * * *
Polyphemus throws a large rock.
The large rock crashes through you!
You die...

##P.≈.....≈≈≈≈≈≈≈≈≈≈≈≈
≈
#PPP≈P≈≈≈≈≈≈≈≈≈≈≈≈≈≈≈
#PP.≈P≈P≈≈≈≈≈≈≈≈≈≈≈≈≈
...≈≈≈≈≈≈≈≈≈≈≈≈≈≈≈≈≈≈≈
....≈≈≈≈Y§§≈≈§≈≈≈≈≈≈≈≈
..P≈≈≈≈≈≈≈§§§≈≈≈≈≈≈≈≈
P≈≈≈≈≈≈≈≈C≈≈≈§≈≈≈≈≈≈≈
≈≈≈≈≈≈≈YY≈≈≈≈≈≈≈≈≈≈≈≈≈
≈≈...≈≈≈@Y≈b≈≈≈≈≈≈≈≈≈
......≈≈≈≈≈≈≈≈≈≈≈≈≈≈≈
......≈≈≈≈≈≈≈≈≈≈≈≈≈≈
..#...≈≈≈≈≈≈≈≈≈≈≈≈≈
.....≈≈≈≈≈≈≈≈≈≈≈≈≈
≈≈≈≈≈≈≈≈≈≈≈≈≈≈≈≈
≈≈≈≈≈≈≈≈≈≈≈≈ ≈≈≈≈≈≈≈≈≈
≈≈≈


You could see Polyphemus, 3 death yaks, a catoblepas and a bat.

Vanquished Creatures
  Nikola (D:14)
  A kraken (Shoals:1)
  Frances (D:17)
  Kirke (Shoals:1)
  A frost giant (IceCv)
  Louise (D:14)
  Azrael (D:15)
  A siren (Shoals:2)
  An ettin (Orc:4)
  Fannar (D:13)
  4 ogre magi
  Harold (D:11)
  5 hydras
  Nessos (Shoals:2)
  The ghost of dck the Severer, a powerful HOAK of Lugonu (D:12)
  A ravenous item mimic (Lair:7)
  The ghost of Duskembrace the Nimble, a powerful DsTm of Makhleb (D:12)
  10 death yaks
  Urug (D:11)
  6 centaur warriors
  Nergalle (D:11)
  2 sea snakes
  2 deep trolls (Orc:4)
  A deep troll (shapeshifter) (D:15)
  Erolcha (D:11)
  The ghost of Kae the Conjurer, an experienced TeFE of Vehumet (D:9)
  2 giant amoebae (Lair:8)
  Pikel (D:9)
  6 hill giants
  Joseph (D:8)
  4 cyclopes
  5 orc knights (Bailey)
  A griffon (D:16)
  7 harpies
  8 humans
  2 oklob plants
  Maurice (D:12)
  7 black mambas
  10 spiny frogs
  Psyche (D:8)
  A feature mimic (Lair:5)
  5 fire drakes
  5 yaktaurs (D:15)
  3 mermaids
  2 wandering mushrooms (D:9)
  A mermaid (shapeshifter) (D:14)
  7 komodo dragons
  A queen bee (D:12)
  15 trolls
  6 spriggans (Lair:8)
  Sonja (Orc:2)
  An orb spider (Lair:6)
  17 polar bears (IceCv)
  13 two-headed ogres
  A hydra skeleton (D:16)
  2 ravens (Lair:3)
  13 slime creatures
  2 brown oozes (Lair:8)
  A shadow (D:15)
  2 trapdoor spiders
  5 grizzly bears (Lair:8)
  31 blink frogs
  29 ugly things
  4 wyverns
  A basilisk (Lair:8)
  2 hill giant zombies
  A griffon skeleton (D:16)
  3 toenail golems (Volcano)
  A vampire (D:15)
  An elephant slug (Lair:4)
  2 sharks (Shoals:2)
  14 merfolk
  3 hogs (Shoals:1)
  5 wraiths
  Eustachio (Orc:2)
  84 yaks
  11 hippogriffs
  Grum (D:10)
  A steam dragon (D:15)
  A hill giant skeleton (D:14)
  2 hungry ghosts
  A mottled dragon (Lair:5)
  Edmund (D:9)
  6 fire elementals (D:15)
  2 necrophages
  57 wolves
  4 manticores
  6 porcupines
  An elf skeleton (D:7)
  2 hell hounds (D:15)
  3 black bears (Lair:8)
  2 sky beasts
  A slave (D:9)
  2 phantoms
  2 ice beasts
  21 orc warriors
  30 ogres
  16 centaurs
  3 wargs
  The ghost of aimeelou the Charmwright, an average HESk (Sewer)
  A boring beetle (Lair:8)
  A brain worm (D:14)
  10 crocodiles
  18 water moccasins
  8 giant slugs
  A wyvern zombie (D:9)
  A big kobold (D:17)
  Blork the orc (D:9)
  22 giant frogs
  6 agate snails
  A rock worm zombie (D:9)
  An electric eel (Lair:2)
  A manticore skeleton (D:15)
  An eye of draining (D:11)
  A hippogriff zombie (D:13)
  26 killer bees (D:12)
  3 wights (D:7)
  A troll zombie (D:15)
  A troll skeleton (D:11)
  5 goliath beetles
  9 crimson imps
  A giant frog zombie (D:8)
  3 jellies (D:9)
  2 big fish (D:9)
  A spider (Lair:5)
  A two-headed ogre zombie (D:6)
  A giant frog skeleton (D:12)
  12 hounds
  A quasit (D:9)
  3 scorpions
  A water moccasin skeleton (D:8)
  A two-headed ogre skeleton (D:15)
  7 iguanas
  18 orc wizards
  14 orc priests
  A statue (D:9)
  3 worker ants
  19 sheep
  An ogre zombie (D:7)
  A mottled dragon skeleton (D:11)
  A hound zombie (D:6)
  44 green rats
  25 adders
  2 giant centipedes
  8 gnolls
  A steam dragon skeleton (D:10)
  7 giant mites
  6 worms
  A goliath beetle zombie (D:6)
  An iguana skeleton (D:5)
  An iguana zombie (D:8)
  An adder zombie (D:7)
  A scorpion zombie (D:9)
  2 adder skeletons
  4 giant eyeballs
  7 giant geckos
  6 oozes
  167 orcs
  30 bats
  3 bat skeletons
  17 giant cockroaches
  25 goblins
  18 hobgoblins
  18 jackals
  18 kobolds
  6 quokkas
  5 ball pythons
  A giant gecko skeleton (D:8)
  A giant gecko zombie (D:6)
  8 giant newts
  A giant spore (D:14)
  4 human zombies (D:7)
  An orc skeleton (D:10)
  2 orc zombies
  24 rats
  A ballistomycete (D:14)
  A fungus (D:9)
  A plant (D:9)
1248 creatures vanquished.

Vanquished Creatures (others)
  A sea snake (Shoals:1)
  A polar bear (IceCv)
  A yak (IceCv)
  3 slaves (D:9)
  A hound (D:9)
  An orc wizard (Orc:4)
  A scorpion (D:9)
  A sheep (Shoals:1)
  3 orcs
  A goblin (Orc:4)
  A hobgoblin (D:9)
  5 fungi (Lair:6)
  25 tentacles (Shoals:1)
  34 tentacle segments (Shoals:1)
79 creatures vanquished.

Grand Total: 1327 creatures vanquished

Notes
Turn   | Place    | Note
--------------------------------------------------------------
     0 | D:1      | PolkaDot, the Vampire Enchanter, began the quest for the Orb.
     0 | D:1      | Reached XP level 1. HP: 13/13 MP: 4/4
   241 | D:1      | Reached XP level 2. HP: 19/19 MP: 5/5
   675 | D:2      | Reached XP level 3. HP: 24/24 MP: 6/6
   816 | D:2      | Learned a level 3 spell: Confuse
  1049 | D:2      | Reached XP level 4. HP: 30/30 MP: 8/8
  1453 | D:3      | Reached skill level 5 in Hexes
  1638 | D:3      | Reached skill level 5 in Stealth
  1653 | D:3      | Reached XP level 5. HP: 16/35 MP: 9/9
  1794 | D:3      | Noticed a phantom
  1811 | D:3      | Killed a phantom
  1811 | D:3      | Reached skill level 6 in Stealth
  1995 | D:3      | Reached XP level 6. HP: 41/41 MP: 10/10
  2351 | D:4      | Found a white marble altar of Elyvilon.
  2425 | D:4      | Reached skill level 7 in Stealth
  2435 | D:5      | Entered Level 5 of the Dungeon
  2454 | D:5      | Found a glowing golden altar of the Shining One.
  2549 | D:5      | Found a deep blue altar of Sif Muna.
  2559 | D:5      | Found a snail-covered altar of Cheibriados.
  2567 | D:5      | Reached XP level 7. HP: 46/46 MP: 8/13
  2578 | D:5      | Became a worshipper of Sif Muna the Loreminder
  2702 | D:4      | Got a crystal halberd
  2944 | D:4      | Learned a level 4 spell: Enslavement
  3359 | D:5      | Found a glowing silver altar of Zin.
  3361 | D:5      | Identified the +10,+9 halberd of Lies {freeze, Hunger+ rElec rPois rF+ rC+} (You found it on level 4 of the Dungeon)
  3512 | D:5      | Found a shimmering altar of Xom.
  3538 | D:5      | Reached skill level 8 in Stealth
  3874 | D:6      | Found a bloodstained altar of Trog.
  3921 | D:6      | Found a glowing drain.
  3939 | D:6      | Found a shattered altar of Ashenzari.
  3966 | Sewer    | Entered a sewer
  3985 | Sewer    | Reached skill level 9 in Stealth
  4008 | Sewer    | Noticed aimeelou's ghost (average HESk)
  4029 | Sewer    | Killed aimeelou's ghost
  4225 | Sewer    | Reached XP level 8. HP: 52/52 MP: 17/17
  4530 | D:6      | Reached skill level 10 in Stealth
  4860 | D:6      | Found a staircase to the Ecumenical Temple.
  4908 | D:6      | Acquired Sif Muna's first power
  5474 | D:7      | Found a bloodstained altar of Trog.
  5598 | D:7      | Reached skill level 10 in Hexes
  5644 | D:7      | Reached skill level 11 in Stealth
  5657 | D:7      | Learned a level 6 spell: Invisibility
  5828 | D:7      | Reached XP level 9. HP: 57/57 MP: 20/20
  5855 | D:7      | Found a basalt altar of Yredelemnul.
  5876 | D:7      | Reached skill level 12 in Stealth
  5949 | D:7      | Acquired Sif Muna's second power
  6145 | D:7      | Found a staircase to the Orcish Mines.
  6174 | D:8      | Learned a level 2 spell: Ensorcelled Hibernation
  6528 | D:8      | Reached skill level 1 in Invocations
  6550 | D:8      | Found a white marble altar of Elyvilon.
  6600 | D:8      | Noticed Psyche
  6604 | D:8      | Killed Psyche
  6618 | D:8      | Reached skill level 13 in Stealth
  6769 | D:8      | Noticed Joseph
  6777 | D:8      | Killed Joseph
  6954 | D:9      | Reached XP level 10. HP: 63/63 MP: 16/21
  6980 | D:9      | Reached skill level 14 in Stealth
  7079 | D:9      | Noticed Edmund
  7096 | D:9      | Killed Edmund
  7097 | D:9      | Noticed Kae's ghost (experienced TeFE)
  7128 | D:9      | Killed Kae's ghost
  7168 | D:9      | Reached skill level 15 in Stealth
  7274 | D:9      | Noticed Pikel
  7282 | D:9      | Killed Pikel
  7326 | D:9      | Found a blossoming altar of Fedhas.
  7347 | D:9      | Noticed an oklob plant
  7643 | D:9      | Killed an oklob plant
  7833 | D:9      | Found a radiant altar of Vehumet.
  8010 | D:9      | Found a staircase to the Lair.
  8020 | D:9      | Reached XP level 11. HP: 68/68 MP: 16/22
  8027 | D:9      | Noticed Blork the orc
  8034 | D:9      | Killed Blork the orc
  8160 | D:10     | Entered Level 10 of the Dungeon
  8160 | D:10     | Noticed Grum
  8173 | D:10     | Killed Grum
  8176 | D:10     | Reached skill level 16 in Stealth
  8176 | D:10     | Reached skill level 5 in Invocations
  8231 | D:10     | Noticed a hill giant
  8237 | D:10     | Killed a hill giant
  8237 | D:10     | Reached skill level 15 in Hexes
  8490 | D:10     | Found a gateway to a ziggurat.
  8514 | D:10     | Learned a level 3 spell: Flight
  8587 | D:10     | Reached skill level 1 in Ice Magic
  8591 | D:10     | Reached skill level 1 in Air Magic
  8613 | D:10     | Acquired Sif Muna's third power
  8753 | D:11     | Noticed Nergalle
  8754 | D:11     | Noticed Urug
  9329 | D:11     | Noticed Erolcha
  9340 | D:11     | Killed Erolcha
  9388 | D:11     | Killed Nergalle
  9608 | D:11     | Paralysed by Urug for 5 turns
  9616 | D:11     | Paralysed by Urug for 2 turns
  9642 | D:11     | Killed Urug
  9772 | D:11     | Noticed Harold
  9783 | D:11     | Killed Harold
  9783 | D:11     | Reached skill level 17 in Stealth
  9912 | D:11     | Found Stiopp's Magical Wand Boutique.
 10067 | D:12     | Noticed dck's ghost (powerful HOAK)
 10357 | D:12     | Noticed Duskembrace's ghost (powerful DsTm)
 10765 | Lair:1   | Entered Level 1 of the Lair of Beasts
 10898 | Lair:1   | Reached XP level 12. HP: 74/74 MP: 13/23
 11238 | Lair:1   | Found a deep blue altar of Sif Muna.
 11695 | Lair:2   | Reached skill level 18 in Stealth
 11743 | Lair:2   | Got an ichor-stained lajatang
 11744 | Lair:2   | Identified the cursed lajatang "Vampire's Curse" {speed, rPois SInv} (You found it on level 2 of the Lair of Beasts)
 11850 | Lair:2   | Reached skill level 1 in Charms
 11866 | Lair:2   | Gained mutation: You are somewhat resistant to further mutation. [potion of mutation]
 11866 | Lair:2   | Gained mutation: You are partially covered in large bone plates (AC +2, SH +2). [potion of mutation]
 11866 | Lair:2   | Gained mutation: You are robust (+10% HP). [potion of mutation]
 12039 | Lair:2   | Reached skill level 5 in Air Magic
 12555 | Lair:2   | Identified a scroll of acquirement
 12841 | Lair:3   | Got a distressingly furry leather armour
 12849 | Lair:3   | Identified the +1 leather armour "Xoim" {+Rage rElec} (You found it on level 3 of the Lair of Beasts)
 12986 | Lair:3   | Reached skill level 19 in Stealth
 13170 | Lair:3   | Received a gift from Sif Muna
 13171 | Lair:3   | Identified Sif Muna's Guide on Blistering Combat Magic (Sif Muna gifted it to you on level 3 of the Lair of Beasts)
 13365 | Lair:3   | Got a sparkling ivory amulet
 14070 | Lair:4   | Reached XP level 13. HP: 86/86 MP: 19/24
 14781 | Lair:4   | Identified the amulet "Tuaxushro" {+Blink +Rage +Fly rElec rF++ SInv} (You found it on level 3 of the Lair of Beasts)
 15300 | Lair:5   | Reached skill level 20 in Stealth
 15324 | Lair:5   | Reached skill level 5 in Charms
 15678 | Lair:5   | Got a fabulously ornate robe
 15799 | Lair:2   | Identified the +1 robe of Rexays {rF+ Str-4 Stlth Curse} (You found it on level 5 of the Lair of Beasts)
 15904 | Lair:2   | Learned a level 2 spell: Blink
 16023 | Lair:6   | Found a staircase to the Shoals.
 17142 | Lair:6   | Found a hole to the Spider Nest.
 17361 | Lair:6   | Received a gift from Sif Muna
 17362 | Lair:6   | Identified Ucokkeb's Almanac of Malediction and Boosts (Sif Muna gifted it to you on level 6 of the Lair of Beasts)
 17534 | Lair:7   | Found a frozen archway.
 17543 | IceCv    | Entered an ice cave
 17834 | IceCv    | Got an ichor-stained spear
 17836 | IceCv    | Identified the spear of Distraction {antimagic, rPois} (You found it in an ice cave)
 17858 | IceCv    | Reached skill level 5 in Spellcasting
 18352 | IceCv    | Reached skill level 21 in Stealth
 18352 | IceCv    | Reached XP level 14. HP: 59/93 MP: 1/27
 18651 | IceCv    | Noticed a frost giant
 18661 | IceCv    | Killed a frost giant
 18944 | Lair:7   | Learned a level 2 spell: Swiftness
 19616 | Lair:8   | Entered Level 8 of the Lair of Beasts
 19657 | Lair:8   | Found a dark tunnel.
 19662 | Volcano  | Entered a volcano
 20138 | Lair:8   | Found a staircase to the Slime Pits.
 20149 | Lair:8   | Received a gift from Sif Muna
 20452 | Lair:8   | Learned a level 1 spell: Apportation
 21294 | Lair:8   | Reached skill level 22 in Stealth
 21378 | Lair:8   | Noticed Rupert
 21930 | Lair:2   | Learned a level 7 spell: Darkness
 22099 | D:12     | Killed Duskembrace's ghost
 22237 | D:12     | Killed dck's ghost
 22384 | D:12     | HP: 1/93 [trapdoor spider (14)]
 22571 | D:12     | Reached XP level 15. HP: 1/99 MP: 21/32
 23160 | D:12     | Noticed Maurice
 23165 | D:12     | Killed Maurice
 23887 | D:13     | Noticed Fannar
 23896 | D:13     | Killed Fannar
 24235 | D:11     | Noticed a hill giant
 24239 | D:11     | Killed a hill giant
 24341 | Orc:1    | Entered Level 1 of the Orcish Mines
 24932 | Orc:2    | Noticed Eustachio
 24933 | Orc:2    | Reached skill level 1 in Translocations
 24944 | Orc:2    | Killed Eustachio
 25147 | Orc:2    | Noticed Sonja
 25190 | Orc:2    | Killed Sonja
 25507 | Orc:3    | Found a staircase to the Elven Halls.
 25774 | Orc:4    | Entered Level 4 of the Orcish Mines
 25858 | Orc:4    | Found Hakhlyt's Gadget Emporium.
 26070 | Orc:4    | Reached skill level 5 in Dodging
 26083 | Orc:4    | Found Geusch's Gadget Boutique.
 26586 | Orc:4    | Found Puitik's Food Emporium.
 26848 | Orc:4    | Found Pnirofom's Magical Wand Shoppe.
 27052 | Orc:4    | Found a glowing silver altar of Zin.
 27105 | Orc:4    | Paralysed by an ogre mage for 3 turns
 27998 | D:14     | Entered Level 14 of the Dungeon
 28067 | D:14     | Noticed Nikola
 28075 | D:14     | Killed Nikola
 28170 | D:14     | Found a flagged portal.
 28198 | Bailey   | Entered a bailey
 28624 | Bailey   | Received a gift from Sif Muna
 29231 | D:14     | Got a steaming pewter amulet
 29234 | D:14     | Identified the amulet of Vayps {Inacc rF+} (You found it on level 14 of the Dungeon)
 29447 | D:14     | Reached skill level 5 in Short Blades
 29496 | D:14     | Noticed Louise
 29622 | D:14     | Killed Louise
 30167 | D:14     | Reached skill level 10 in Air Magic
 30189 | D:15     | Entered Level 15 of the Dungeon
 30466 | D:15     | Noticed Azrael
 30468 | D:15     | Killed Azrael
 30469 | D:15     | Found a deep blue altar of Sif Muna.
 30478 | D:15     | Reached XP level 16. HP: 97/105 MP: 22/32
 31349 | D:15     | Noticed Roxanne
 32598 | D:17     | Noticed Frances
 32626 | D:17     | Killed Frances
 32844 | D:17     | Found a shattered altar of Ashenzari.
 33327 | Shoals:1 | Entered Level 1 of the Shoals
 33337 | Shoals:1 | Noticed Kirke
 33506 | Shoals:1 | Killed Kirke
 33506 | Shoals:1 | Reached skill level 1 in Armour
 33875 | Shoals:1 | Noticed Agnes
 34054 | Shoals:2 | Noticed Nessos
 34062 | Shoals:2 | Killed Nessos
 34099 | Shoals:2 | Noticed Norris
 34404 | Shoals:2 | Noticed Polyphemus
 34421 | Shoals:2 | Hit by a large rock thrown by Polyphemus

Action                   |  1- 3 |  4- 6 |  7- 9 | 10-12 | 13-15 | 16-18 || total
-------------------------+-------+-------+-------+-------+-------+-------++-------
Melee: Dagger            |   114 |   178 |   139 |   567 |   623 |       ||  1621
       Short sword       |       |    91 |   105 |       |       |       ||   196
       Halberd           |       |       |   135 |       |       |       ||   135
       Sabre             |       |       |       |       |   392 |   293 ||   685
       Unarmed           |       |       |       |       |       |     1 ||     1
 Cast: Confuse           |     2 |     9 |    39 |    42 |    60 |    17 ||   169
       Corona            |       |       |     3 |    11 |    20 |       ||    34
       Ensorcelled Hiber |       |       |    28 |   176 |   297 |    49 ||   550
       Invisibility      |       |       |     3 |    30 |    64 |    16 ||   113
       Flight            |       |       |       |     4 |    64 |    25 ||    93
       Blink             |       |       |       |       |     4 |     5 ||     9
       Swiftness         |       |       |       |       |    33 |    29 ||    62
       Darkness          |       |       |       |       |    19 |     2 ||    21
       Apportation       |       |       |       |       |     1 |       ||     1
       Enslavement       |       |       |       |       |     3 |       ||     3
Invok: Channel Energy    |       |       |    14 |    60 |    98 |    16 ||   188
 Abil: Bottle Blood      |       |       |       |       |    29 |    21 ||    50
Evoke: Wand              |       |       |     5 |    14 |     6 |       ||    25
       Miscellaneous     |       |       |       |       |     1 |       ||     1
  Use: Scroll            |       |    14 |     5 |    15 |    18 |     9 ||    61
       Potion            |       |       |    12 |     9 |    48 |    45 ||   114
 Stab: Sleeping          |     7 |    12 |    64 |   244 |   429 |    68 ||   824
       Confused          |     1 |     8 |    14 |     5 |    15 |     2 ||    45
       Distracted        |       |     1 |     2 |       |     6 |       ||     9
       Invisible         |       |       |     3 |    16 |    75 |    30 ||   124
       Petrified         |       |       |       |       |       |     1 ||     1
